 Dungeon Crawl Stone Soup version 0.20.0-15-g7f486f2 (webtiles) character file.

297 nataq the Skirmisher (level 6, -1/48 HPs)
             Began as a Demonspawn Fighter on June 12, 2017.
             Was an Initiate of Cheibriados.
             Killed by nerve-wracking pain
             ... invoked by Grinder
              (14 damage)
             ... on level 4 of the Dungeon.
             The game lasted 00:06:01 (3082 turns).

nataq the Skirmisher (Demonspawn Fighter)           Turns: 3082, Time: 00:06:02

Health: -1/48      AC:  8    Str: 17    XL:     6   Next: 12%
Magic:  6/6        EV: 12    Int: 11    God:    Cheibriados [......]
Gold:   133        SH:  0    Dex: 15    Spells: 5/5 levels left

rFire    + + .     SeeInvis .   a - +1 war axe
rCold    . . .     Gourm    +   (no shield)
rNeg     . . .     Faith    .   i - +1 ring mail of the Trombone {rF++} (curse)
rPois    .         Spirit   .   (no helmet)
rElec    .         Reflect  .   d - +0 cloak
rCorr    .         Harm     .   (no gloves)
MR       .....                  (no boots)
Stlth    +.........             o - amulet of the gourmand
Regen    0.2/turn               (no ring)
MPRegen  0.1/turn               (no ring)

@: lethally poisoned (-1 -> -5), very slow
A: powered by death 1
a: Bend Time, Renounce Religion


You were on level 4 of the Dungeon.
You worshipped Cheibriados.
Cheibriados was noncommittal.
You were very hungry.

You visited 2 branches of the dungeon, and saw 6 of its levels.

You collected 133 gold pieces.

Inventory:

Hand Weapons
 a - a +1 war axe (weapon)
Armour
 b - a +0 scale mail
 d - a +0 cloak (worn)
 i - the cursed +1 ring mail of the Trombone (worn) {rF++}
   (You found it on level 5 of the Dungeon)

   It greatly protects you from fire.
   It has a curse placed upon it.
Jewellery
 o - an amulet of the gourmand (around neck)
Wands
 e - a wand of flame (19/48)
 k - a wand of lightning (0/15)
Scrolls
 c - a scroll of teleportation
 l - a scroll of identify
Comestibles
 f - 4 bread rations
 g - a royal jelly
 h - a meat ration


   Skills:
 + Level 4.2 Fighting
 + Level 3.4 Axes
 + Level 3.8 Armour
 + Level 2.4 Dodging
   Level 2.6 Shields


You had 5 spell levels left.
You didn't know any spells.

Dungeon Overview and Level Annotations

Branches:
Dungeon (5/15)             Temple (1/1) D:5

Altars:
Ashenzari
Cheibriados
Dithmenos
Elyvilon
Fedhas
Gozag
Kikubaaqudgha
Makhleb
Nemelex Xobeh
Okawaru
Qazlal
Ru
Sif Muna
Trog
Uskayaw
Vehumet
Xom
Yredelemnul
Zin
The Shining One

Annotations:
D:4 Grinder


Innate Abilities, Weirdness & Mutations

You regenerate a little health from kills.


Message History

Grinder hits you!
You writhe in agony.
You hit the scorpion but do no damage.
The scorpion is heavily wounded.
You hit Grinder. The scorpion stings you.
You are poisoned.
The scorpion poisons you! Grinder hits you.
You writhe in agony.
* * * LOW HITPOINT WARNING * * *
Unknown command.
You hit the scorpion but do no damage.
The scorpion is heavily wounded.
You barely miss Grinder.
You feel sick. The scorpion completely misses you. Grinder gestures at you.
You resist with significant effort. The scorpion closely misses you.
Unknown command.
You hit the scorpion.
The scorpion is heavily wounded.
You closely miss Grinder.
You feel sick. Grinder gestures at you. Pain shoots through your body!
You die...

####### #.....###
#.# #.......# #..#
#...).#.# #..#
#.....#.# #..#
#.....#.# #..#
#.....#.# (.#
...##....##.######.#
.......>.##.##5@s..#
#####....##....###.#
#....####### .#
###### 5# .# .# ##


You could see Grinder and a scorpion.

Vanquished Creatures
  A centaur (D:5)
  Crazy Yiuf (D:2)
  Jessica (D:2)
  Ijyb (D:3)
  7 gnolls
  2 adders (D:2)
  An ooze (D:1)
  3 dart slugs
  3 bats
  4 giant cockroaches
  6 goblins
  5 hobgoblins
  2 jackals (D:2)
  4 kobolds
  A quokka (D:3)
  6 frilled lizards
  6 rats
54 creatures vanquished.

Notes
Turn   | Place    | Note
-------+----------+-------------------------------------------
     0 | D:1      | nataq the Demonspawn Fighter began the quest for the Orb.
     0 | D:1      | Reached XP level 1. HP: 18/18 MP: 1/1
   117 | D:1      | Gained mutation: You regenerate a little health from kills. [demonic ancestry]
   117 | D:1      | Reached XP level 2. HP: 8/24 MP: 2/2
   691 | D:1      | Reached skill level 1 in Dodging
   711 | D:1      | Reached XP level 3. HP: 26/29 MP: 3/3
  1107 | D:2      | Reached XP level 4. HP: 25/36 MP: 4/4
  1342 | D:2      | Noticed Jessica
  1356 | D:2      | Killed Jessica
  1679 | D:2      | Found a runed door.
  2106 | D:2      | Noticed Crazy Yiuf
  2109 | D:2      | Killed Crazy Yiuf
  2109 | D:2      | Reached XP level 5. HP: 32/42 MP: 5/5
  2297 | D:3      | Noticed Ijyb
  2307 | D:3      | Killed Ijyb
  2307 | D:3      | Reached skill level 4 in Fighting
  2428 | D:3      | You fall through a shaft for 2 floors!
  2428 | D:5      | Entered Level 5 of the Dungeon
  2489 | D:5      | Got a scorched ring mail
  2500 | D:5      | Identified the cursed +1 ring mail of the Trombone {rF++} (You found it on level 5 of the Dungeon)
  2505 | D:5      | Found a staircase to the Ecumenical Temple.
  2518 | Temple   | Entered the Ecumenical Temple
  2572 | Temple   | Became a worshipper of Cheibriados the Contemplative
  2597 | D:5      | Noticed a centaur
  2612 | D:5      | Killed a centaur
  2612 | D:5      | Reached XP level 6. HP: 8/48 MP: 6/6
  2893 | D:5      | Noticed a troll
  3068 | D:4      | Noticed Grinder
  3075 | D:4      | Paralysed by Grinder for 4 turns
  3082 | D:4      | Killed from afar by Grinder

Skill      XL: |  1  2  3  4  5 |
---------------+----------------+-----
Axes           | 2 3 |  3.4
Dodging        | 1 2 |  2.4
Armour         | 3 |  3.8
Fighting       | 4 |  4.2
Shields        | |  2.6

Action                   |  1- 3 |  4- 6 || total
-------------------------+-------+-------++-------
Melee: War axe           |    59 |   110 ||   169
Evoke: Wand              |       |     8 ||     8
  Use: Scroll            |       |     8 ||     8
       Potion            |       |     3 ||     3
  Eat: Chunk             |       |     6 ||     6
Armor: Scale mail        |    28 |    51 ||    79
       Ring mail         |       |    14 ||    14
Dodge: Dodged            |    30 |    70 ||   100
